 Dungeon Crawl Stone Soup version 0.28.0 (webtiles) character file.

Game seed: 5538556162539038528

18 sanka the Magician (level 2, 16/16 HPs)
             Began as a Deep Elf Transmuter on Feb 8, 2022.
             Was an Initiate of Gozag.
             Quit the game on level 2 of the Dungeon.
             The game lasted 00:01:26 (1193 turns).

sanka the Magician (Deep Elf Transmuter)            Turns: 1193, Time: 00:01:27

Health: 16/16      AC:  2    Str:  7    XL:     2   Next: 48%
Magic:  9/9        EV: 12    Int: 17    God:    Gozag
Gold:   25         SH:  0    Dex: 15    Spells: 8/9 levels left

rFire   . . .      SeeInvis .     - Unarmed
rCold   . . .      Faith    .   (no shield)
rNeg    . . .      Spirit   .   a - +0 robe
rPois   .          Reflect  .   (helmet currently unavailable)
rElec   .          Harm     .   (no cloak)
rCorr   .          Rampage  .   (no gloves)
Will    .....                   (boots currently unavailable)
Stlth   +.........              (no amulet)
HPRegen 0.05/turn               (no ring)
MPRegen 0.11/turn               (no ring)

@: appendages (expiring)
A: horns 2, talons 2
a: End Transformation, Renounce Religion, Potion Petition, Call Merchant, Bribe
Branch


You were on level 2 of the Dungeon.
You worshipped Gozag.
Gozag was noncommittal.
You had temporarily grown beastly horns and talons.
You visited 1 branch of the dungeon, and saw 2 of its levels.

You collected 25 gold pieces.

Inventory:

Armour
 a - a +0 robe (worn)
Scrolls
 b - a scroll of vulnerability {unknown}
 d - a scroll of amnesia {unknown}
 e - a scroll of enchant armour {unknown}
 f - a scroll of identify {unknown}
 g - a scroll of blinking {unknown}
Potions
 c - a potion of curing {unknown}


   Skills:
 - Level 0.7 Fighting
 - Level 2.4 Dodging
 - Level 2.4 Unarmed Combat
 + Level 4.4 Spellcasting
 - Level 2.1 Transmutations


You had 8 spell levels left.
You knew the following spells:

 Your Spells              Type           Power      Damage    Failure   Level
a - Beastly Appendage     Tmut           22%        N/A       6%          1

Your spell library contained the following spells:

 Spells                   Type           Power      Damage    Failure   Level
 Wereblood                Tmut           11%        N/A       10%         2
 Spider Form              Tmut/Pois      7%         N/A       28%         3
 Ice Form                 Ice/Tmut       7%         N/A       67%         4


Dungeon Overview and Level Annotations

Branches:
Dungeon (2/15)

Altars:
Gozag

Annotations:
D:1 exclusion: gnoll


Innate Abilities, Weirdness & Mutations

You have temporarily grown beastly horns and talons.


Message History

The goblin hits you with a +3 dagger.
You miss the goblin. You claw the goblin.
You kill the goblin!
Your transformation is almost over.
There is a stone staircase leading up here.
You climb upwards.
Level annotation: exclusion: gnoll
There is a stone staircase leading down here.
Unknown command.
You start resting.
Your horns disappear.
Your talons disappear.
HP restored.
You climb downwards.
The hobgoblin barely misses you.
There is a stone staircase leading up here.
Unknown command.
You grow a pair of large bovine horns.
Your feet morph into talons.
The hobgoblin hits you but does no damage.
You hit the hobgoblin. Your kick misses the hobgoblin.
The hobgoblin is moderately wounded.
The hobgoblin closely misses you.
You hit the hobgoblin. Your kick misses the hobgoblin.
You headbutt the hobgoblin.
You kill the hobgoblin!
You see here a hobgoblin corpse.
You start resting.
Magic restored.
You see here a quokka corpse.
Things that are here:
a +3 dagger; a goblin corpse
Found two human skeletons.
Found a faded altar of an unknown god.
A ball python comes into view.
Your transformation is almost over.
There is a faded altar of an unknown god here.
You cannot tell which god this altar belongs to.
Convert to them anyway?
Gozag accepts your prayer! Gozag welcomes you!
Gozag waives the service fee.
Unknown command.
Press < or > to pray at altars.
Are you sure you want to abandon this character and quit the game? (Confirm with "yes".)

####.#.##### #
#.)†.#.#
#.#.####.# $
#.?8.8...##
#.8......÷#
#...÷....÷#
............#
......÷......#
.....8...÷S.@#
.....#########
..... ...


You could see a ball python.

Vanquished Creatures
  An endoplasm (D:1)
  A giant cockroach (D:1)
  2 goblins
  4 hobgoblins
  4 quokkas
  A kobold (D:1)
  A rat (D:1)
14 creatures vanquished.

Notes
Turn   | Place    | Note
-------+----------+-------------------------------------------
     0 | D:1      | sanka the Deep Elf Transmuter began the quest for the Orb.
     0 | D:1      | Reached XP level 1. HP: 11/11 MP: 6/6
   388 | D:1      | Reached skill level 4 in Spellcasting
   388 | D:1      | Reached XP level 2. HP: 5/16 MP: 7/9
  1184 | D:2      | Found a faded altar of an unknown god.
  1192 | D:2      | Prayed at the altar of an unknown god.
  1192 | D:2      | Became a worshipper of Gozag Ym Sagoz the Greedy
  1193 | D:2      | Quit the game

Illustrated notes

Levels and vault maps discovered:
D:1:      amcnicky_arrival_choice, layout_basic
D:2:      layout_basic, shapermc_ecumenical_altar_pompeii, uniq_robin

Skill      XL: |  1 |
---------------+----+-----
Spellcasting   | 4 |  4.4
Fighting       | |  0.7
Dodging        | |  2.4
Unarmed Combat | |  2.4
Transmutations | |  2.1

Action                   || total
-------------------------++-------
Melee: Unarmed           ||    42
       Kick              ||    13
       Headbutt          ||     5
       Punch             ||     4
 Cast: Beastly Appendage ||    12
Armor: Robe              ||     8
Dodge: Dodged            ||    19
